 Seeded DCSS version 0.29-a0-838-g385bb11a5b (webtiles) character file.

Game seed: 8897551386731462229 (custom seed)

182 wilfster70 the Digger (level 5, -1/31 HPs)
             Began as a Gargoyle Earth Elementalist on July 13, 2022.
             Slain by a gnoll
             ... wielding a +2 halberd of venom
              (9 damage)
             ... on level 3 of the Dungeon.
             The game lasted 00:07:41 (2327 turns).

wilfster70 the Digger (Gargoyle Earth Elementalist) Turns: 2327, Time: 00:07:42

Health: -1/31      AC: 12    Str: 12    XL:     5   Next: 62%
Magic:  5/9        EV: 11    Int: 17    God:
Gold:   253        SH:  0    Dex: 10    Spells: 7/10 levels left

rFire   . . .      SeeInvis .   b - +1 sling (freeze)
rCold   . . .      Faith    .   (no shield)
rNeg    + . .      Spirit   .   j - +1 robe
rPois   ∞          Reflect  .   (no helmet)
rElec   +          Harm     .   (no cloak)
rCorr   .          Rampage  .   h - +0 pair of gloves
Will    .....                   (no boots)
Stlth   ++........              (no amulet)
HPRegen 0.10/turn               d - +4 ring of protection
MPRegen 0.11/turn               (no ring)

@: no status effects
A: sickness immunity, AC +4, negative energy resistance 1, electricity
resistance, torment resistance 1, petrification resistance
a: no special abilities


You were on level 3 of the Dungeon.
You visited 1 branch of the dungeon, and saw 3 of its levels.

You collected 253 gold pieces.

Inventory:

Hand Weapons
 a - a +1 broad axe of flaming
 b - a +1 sling of freezing (weapon)
Missiles
 e - 2 javelins
 f - 3 atropa-tipped darts
 s - 2 poisoned darts
Armour
 h - a +0 pair of gloves (worn)
 j - a +1 robe (worn)
Magical Staves
 r - a staff of earth
Jewellery
 d - a +4 ring of protection (left hand)
 n - an amulet of the acrobat
 t - a ring of fire
Scrolls
 i - a scroll of amnesia {unknown}
 k - a scroll of poison
 l - a scroll of vulnerability {unknown}
 m - 3 scrolls of teleportation {unknown}
 o - 5 scrolls of identify {unknown}
 p - a scroll of enchant weapon {unknown}
 q - 2 scrolls of blinking {unknown}
 w - a scroll of brand weapon {unknown}
Potions
 c - 4 potions of curing {unknown}
 g - a potion of magic
 u - a potion of mutation {unknown}
 v - a potion of flight {unknown}


   Skills:
 + Level 2.5 Fighting
 - Level 1.5 Dodging
 - Level 2.1 Stealth
 + Level 3.0 Spellcasting
 - Level 0.7 Transmutations
 * Level 5.8 Earth Magic


You had 7 spell levels left.
You knew the following spells:

 Your Spells              Type           Power      Damage    Failure   Level
a - Sandblast             Erth           44%        2d11      1%          1
b - Passwall              Tmut/Erth      10%        N/A       7%          2

Your spell library contained the following spells:

 Spells                   Type           Power      Damage    Failure   Level
 Stone Arrow              Conj/Erth      24%        3d8       16%         3
 Apportation              Tloc           4%         N/A       17%         1
 Necrotise                Necr           8%         1d4       17%         1
 Summon Small Mammal      Summ           8%         N/A       17%         1
 Ensorcelled Hibernation  Hex/Ice        4%         N/A       26%         2
 Petrify                  Tmut/Erth      13%        N/A       41%         4
 Swiftness                Air            2%         N/A       45%         3


Dungeon Overview and Level Annotations

Branches:
Dungeon (3/15)

Altars:
Trog


Innate Abilities, Weirdness & Mutations

You are immune to sickness and miasma.
Your stone body is resilient. (AC +4)
You are immune to poison.
You resist negative energy. (rN+)
You are resistant to electric shocks. (rElec)
You are resistant to unholy torment.
You are immune to petrification.


Message History

Press: ? - help, Shift-Dir - straight line, f/p - gnoll
Aim: a gnoll, wielding a +1 halberd of protection (83% to hit)
The blast of sand hits the gnoll but does no damage.
The gnoll closely misses you.
The gnoll hits you from afar with a +1 halberd of protection!
Casting: Sandblast (safe; 1% risk of failure)
Confirm with . or Enter, or press ? or * to list all spells.
Aiming: Sandblast (safe; 1% risk of failure)
Press: ? - help, Shift-Dir - straight line, f/p - gnoll
Aim: a gnoll, wielding a +1 halberd of protection (83% to hit)
The blast of sand hits the gnoll!
The gnoll is severely wounded.
The gnoll hits you but does no damage. The gnoll completely misses you.
Casting: Sandblast (safe; 1% risk of failure)
Confirm with . or Enter, or press ? or * to list all spells.
Aiming: Sandblast (safe; 1% risk of failure)
Press: ? - help, Shift-Dir - straight line, f/p - gnoll
Aim: a gnoll, wielding a +1 halberd of protection (severely wounded, 83% to hit)
The blast of sand hits the gnoll but does no damage.
The gnoll is severely wounded.
The gnoll hits you from afar with a +1 halberd of protection!
The gnoll hits you from afar with a +1 halberd of protection.
* * * LOW HITPOINT WARNING * * *
Casting: Sandblast (safe; 1% risk of failure)
Confirm with . or Enter, or press ? or * to list all spells.
Aiming: Sandblast (safe; 1% risk of failure)
Press: ? - help, Shift-Dir - straight line, f/p - gnoll
Aim: a gnoll, wielding a +1 halberd of protection (severely wounded, 83% to hit)
The blast of sand hits the gnoll!
You kill the gnoll!
The gnoll closely misses you.
Casting: Sandblast (safe; 1% risk of failure)
Confirm with . or Enter, or press ? or * to list all spells.
Aiming: Sandblast (safe; 1% risk of failure)
Press: ? - help, Shift-Dir - straight line, f - gnoll
Aim: a gnoll, wielding a +2 halberd of venom (83% to hit)
The blast of sand hits the gnoll.
The gnoll is moderately wounded.
The gnoll hits you from afar with a +2 halberd of venom!
You die...

#.#.# #........ ##.#.#
#..#.#.###
##....#######......#
#.._..)........##.##
###....###...........
..#................# .#
..............###### .#
.##.#####.##..#######.#
... #.##....@.g...# ###
#$##..######.......(
#.##..# ...######
..##..# ##..# ####..#
#..# #... #..# #.##
#..# ##..### #. .<..
....... ....###


You could see a gnoll.

Vanquished Creatures
  5 gnolls (D:3)
  7 adders
  A worm (D:2)
  A dart slug (D:1)
  4 orcs (D:3)
  4 bats
  8 endoplasms
  2 giant cockroaches (D:2)
  2 goblins (D:2)
  6 hobgoblins
  4 jackals (D:1)
  7 kobolds
  6 ball pythons
  6 frilled lizards
63 creatures vanquished.

Vanquished Creatures (others)
  2 fungi (D:2)
  3 plants (D:2)
5 creatures vanquished.

Grand Total: 68 creatures vanquished

Notes
Turn   | Place    | Note
-------+----------+-------------------------------------------
     0 | D:1      | wilfster70 the Gargoyle Earth Elementalist began the quest
                  | for the Orb.
     0 | D:1      | Reached XP level 1. HP: 10/10 MP: 3/3
   196 | D:1      | Reached skill level 4 in Earth Magic
   196 | D:1      | Reached XP level 2. HP: 16/16 MP: 1/5
   434 | D:1      | Reached skill level 1 in Fighting
   451 | D:1      | Identified a scroll of acquirement
   451 | D:1      | Acquired a +1 sling of freezing
   631 | D:1      | Acquired a +1 broad axe of flaming
   815 | D:2      | Reached XP level 3. HP: 15/20 MP: 6/6
  1164 | D:2      | Reached XP level 4. HP: 25/25 MP: 7/7
  1239 | D:2      | Found a faded altar of an unknown god.
  1265 | D:2      | Reached skill level 5 in Earth Magic
  1328 | D:2      | Learned a level 2 spell: Passwall
  1999 | D:3      | Reached XP level 5. HP: 18/30 MP: 7/9
  2282 | D:3      | Found a bloodstained altar of Trog.
  2327 | D:3      | Slain by a gnoll

Illustrated notes

Levels and vault maps discovered:
D:1:      lemuel_arrival_behind_the_door_large, layout_basic, minivault_24,
          dreamdust_wishing_well, moated_statue, minmay_hedge_maze
D:2:      layout_basic, dreamdust_ecumenical_altar_grove, eino_tiny_chamber,
          minmay_joined_circles
D:3:      layout_loops_ring, bloody_trog, mainiacjoe_overflow_tiny_flanked,
          minmay_fractal_squares_gapless_5

Skill      XL: |  1  2  3  4  5 |
---------------+----------------+-----
Earth Magic    | 4 5 |  5.8
Fighting       | 1 2 |  2.5
Spellcasting   | 3 |  3.0
Dodging        | |  1.5
Stealth        | |  2.1
Transmutations | |  0.7

Action                   |  1- 3 |  4- 6 || total
-------------------------+-------+-------++-------
Melee: Unarmed           |     6 |       ||     6
       Broad axe         |    20 |    13 ||    33
       Mace              |     1 |       ||     1
 Fire: Sling             |    16 |    90 ||   106
 Cast: Sandblast         |    22 |    25 ||    47
       Passwall          |       |     1 ||     1
  Use: Scroll            |     6 |       ||     6
 Stab: Sleeping          |     1 |       ||     1
Armor: Robe              |    37 |    44 ||    81
Dodge: Dodged            |    42 |    70 ||   112

Table legend: (Time is in decaauts)
 A = Elapsed time spent in this place.
 B = Non-inter-level travel time spent in this place.
 C = Inter-level travel time spent in this place.
 D = Time resting spent in this place.
 E = Time spent auto-exploring this place.
 F = Levels seen in this place.
 G = Mean time per level.
                   A        B        C        D        E       F      G
               +--------+--------+--------+--------+--------+-----+--------+
         Total |   2430 |   2395 |     35 |    472 |    892 |   3 |  810.0 |
       Dungeon |   2430 |   2395 |     35 |    472 |    892 |   3 |  810.0 |
               +--------+--------+--------+--------+--------+-----+--------+

Top non-repeatable levels by time:
     D:2: 1161 daAuts
     D:1: 761 daAuts
     D:3: 507 daAuts
